 Dungeon Crawl Stone Soup version 0.17-a0-1941-gcc30b76 (webtiles) character file.

46 Kuldar the Magician (level 3, -1/19 HPs)
             Began as a Deep Elf Wizard on Sept 30, 2015.
             Killed from afar by Jessica (8 damage)
             ... with a wand of magic darts
             ... on level 2 of the Dungeon.
             The game lasted 00:03:56 (906 turns).

Kuldar the Magician (Deep Elf Wizard)                Turns: 906, Time: 00:03:56

Health: -1/19      AC:  3    Str:  4    XL:     3   Next: 44%
Magic:  11/11      EV: 12    Int: 23    God:
Gold:   171        SH:  0    Dex: 13    Spells: 1 memorised, 10 levels left

rFire  . . .     SeeInvis .     q - +1 dagger (freeze)
rCold  . . .     Clarity  .     a - +0 robe
rNeg   . . .     SustAt   .     (no shield)
rPois  .         Gourm    .     b - +0 hat
rElec  .         Spirit   .     (no cloak)
rCorr  .         Warding  .     n - +0 pair of gloves
rMut   .         Stasis   .     (no boots)
MR     .....                    (no amulet)
Stlth  ++........               (no ring)
                                (no ring)

@: not resistant to hostile enchantments, unstealthy
A: no striking features
a: no special abilities


You were on level 2 of the Dungeon.
You were not hungry.

You visited 1 branch of the dungeon, and saw 2 of its levels.

You collected 171 gold pieces.

Inventory:

Hand weapons
 q - a +1 dagger of freezing (weapon)
Armour
 a - a +0 robe (worn)
 b - a +0 hat (worn)
 n - a +0 pair of gloves (worn)
 o - a +0 buckler
Jewellery
 f - an uncursed amulet of stasis {unknown}
 j - an uncursed ring of fire {unknown}
Scrolls
 g - 5 scrolls of identify {unknown}
 i - a scroll of enchant weapon {unknown}
 k - a scroll of enchant armour {unknown}
 m - a scroll of fog {unknown}
 r - a scroll of teleportation {unknown}
 u - a scroll of immolation {unknown}
Potions
 e - 3 potions of curing {unknown}
 h - a potion of magic {unknown}
 p - a potion of brilliance {unknown}
 t - a potion of agility {unknown}
Books
 c - a book of Minor Magic

   Spells                             Type                      Level
   a - Magic Dart                     Conjuration                  1
   b - Blink                          Translocation                2
   c - Call Imp                       Summoning                    2
   d - Repel Missiles                 Charms/Air                   2
   e - Slow                           Hexes                        2
   f - Conjure Flame                  Conjuration/Fire             3
   g - Mephitic Cloud                 Conjuration/Poison/Air       3
Comestibles
 d - 3 bread rations
 l - a royal jelly
 s - a meat ration


   Skills:
 - Level 2.4 Dodging
 - Level 2.4 Stealth
 * Level 4.8 Spellcasting
 * Level 3.4 Conjurations
   Level 1.1 Summonings
   Level 1.1 Translocations


You had 10 spell levels left.
You knew the following spells:

 Your Spells              Type           Power        Failure   Level  Hunger
a - Magic Dart            Conj           ###.         2%          1    None


Dungeon Overview and Level Annotations

Branches:
Dungeon (2/15)

Altars:

Annotations:
D:2 Jessica


Message History

Unknown command.
Casting: Magic Dart
Confirm with . or Enter, or press ? or * to list all spells.
Aiming: Magic Dart
Press: ? - help, Shift-Dir - straight line, f/p - hobgoblin
Aim: a hobgoblin (severely wounded)
The magic dart hits the hobgoblin.
You kill the hobgoblin!
There is a stone staircase leading down here.
r - a scroll labeled KULAIS KOCH Jessica mumbles some strange words.
Jessica blinks!
Jessica gestures wildly while chanting.
Jessica blinks!
Jessica zaps a wand.
The magic dart hits you!
It is a wand of magic darts.
Jessica gestures wildly while chanting.
Jessica seems to speed up.
Jessica zaps a wand.
The magic dart hits you!
Jessica zaps a wand.
The magic dart hits you!
You die...

..........##.#######...........#
.............##................#
............##..###..##........#
#...........#.#.@...##........#
#............#.###.###.......##
##..........##.# #.###..#.....#
####.##.....#.# #.##...#.....#
###.##...#.#.###.##.........#
#...#....#..@##..##....>....#
#)....#..#...#..@.....#.....#
#####.[..##............#..#.....#
#..##....###...........#####...##
#........# #...........### #.###
#.###....# #.............###.#
#.# #....# #...........#.#...#
#.###....###......######.).###
..............#...## ##....##


You could see Jessica.

Vanquished Creatures
  2 adders (D:2)
  An ooze (D:2)
  3 goblins
  6 hobgoblins
  3 kobolds
  2 bats
  3 giant newts
  4 rats
24 creatures vanquished.

Notes
Turn   | Place    | Note
--------------------------------------------------------------
     0 | D:1      | Kuldar the Deep Elf Wizard began the quest for the Orb.
     0 | D:1      | Reached XP level 1. HP: 10/10 MP: 7/7
   250 | D:1      | Reached XP level 2. HP: 15/15 MP: 6/9
   682 | D:2      | Reached XP level 3. HP: 19/19 MP: 3/11
   729 | D:2      | Noticed Jessica
   906 | D:2      | Killed from afar by Jessica

Vault maps used:
D:1:      minmay_arrival_solitary_statue
D:2:      uniq_jessica

Action                   || total
-------------------------++-------
Melee: Unarmed           ||     2
 Cast: Magic Dart        ||    60
